 Dungeon Crawl Stone Soup version 0.31-a0-542-gdc2a67831c (console) character file.

Game seed: 2758574125410842738

41 Lexodia the Cudgeller (level 3, 0/37 HPs)
             Began as an Ogre Gladiator on Aug 14, 2023.
             Slain by an iguana (10 damage)
             ... on level 4 of the Dungeon.
             The game lasted 00:01:48 (602 turns).

Lexodia the Cudgeller (Ogre Gladiator)               Turns: 602, Time: 00:01:48

Health: 0/37       AC:  3    Str: 20    XL:     3   Next: 52%
Magic:  3/3        EV: 10    Int: 15    God:
Gold:   63         SH:  0    Dex: 10    Spells: 2/2 levels left

rFire   . . .        i - +2 dagger (speed)
rCold   . . .        (no shield)
rNeg    . . .        b - +0 robe
rPois   .            c - +0 hat
rElec   .            (no cloak)
rCorr   .            (gloves unavailable)
SInv    .            (boots unavailable)
Will    .....        (no amulet)
Stlth   +            h - +6 ring of intelligence
HPRegen 0.26/turn    (no ring)
MPRegen 0.08/turn

%: no passive effects
@: studying Unarmed Combat
A: large, unfitting armour, tough skin 1
a: no special abilities


You were on level 4 of the Dungeon.
You visited 1 branch of the dungeon, and saw 5 of its levels.

You collected 63 gold pieces.

Inventory:

Hand Weapons
 a - a +0 flail
 i - a +2 dagger of speed (weapon)
Missiles
 e - 4 large rocks
Armour
 b - a +0 robe (worn)
 c - a +0 hat (worn)
Jewellery
 h - a +6 ring of intelligence (left hand)
Scrolls
 f - a scroll of silence {unknown}
 g - a scroll of fog {unknown}
 j - a scroll of identify {unknown}


   Skills:
 - Level 3.0 Fighting
 * Level 3.5 Maces & Flails
 + Level 2.6 Throwing
 - Level 2.6 Dodging


You had 2 spell levels left.
You didn't know any spells.
Your spell library contained the following spells:

 Spells                   Type           Power      Damage    Failure   Level
 Magic Dart               Conj           0%         1d3       26%         1
 Cigotuvi's Dreadful Rot  Necr/Pois/Air  0%         N/A       38%         2
 Searing Ray              Conj           0%         2d4       38%         2
 Dazzling Flash           Conj/Hex       0%         N/A       63%         3
 Ignite Poison            Fire/Tmut/Pois 0%         N/A       63%         3
 Fulminant Prism          Conj/Hex       0%         3d5       95%         4
 Agony                    Necr           0%         N/A       100%        5
 Freezing Cloud           Conj/Ice/Air   0%         6-21      100%        5
 Silence                  Hex/Air        0%         N/A       100%        5


Dungeon Overview and Level Annotations

Branches:
Dungeon (5/15)
 Temple: D:4-7

Altars:


Innate Abilities, Weirdness & Mutations

You are too large for most types of armour.
You have tough skin. (AC +1)


Message History

You hit the iguana but do no damage. The iguana bites you!
* * * LOW HITPOINT WARNING * * *
Huge Dmg: -27%(-10hp) hp: 22%(8hp) Unknown command.
Throw: 3 throwing nets
Press: ? - help, Q - select action, (/) - cycle Shift-Dir - straight line, f - iguana
Aim: an iguana (58% to hit)
You throw a throwing net.
The throwing net closely misses the iguana.
Throw: 2 throwing nets
Press: ? - help, Q - select action, (/) - cycle Shift-Dir - straight line, f/p - iguana
Aim: an iguana (58% to hit)
You throw a throwing net. The throwing net hits the iguana.
The iguana is caught in the net!
The iguana struggles against the net.
Unknown command.
You hit the iguana but do no damage.
The iguana struggles against the net.
You hit the iguana but do no damage.
The iguana struggles against the net.
You hit the iguana.
The iguana is lightly wounded.
You hit the iguana.
The iguana is moderately wounded.
The iguana struggles against the net.
You hit the iguana but do no damage.
The iguana is moderately wounded.
The iguana struggles against the net.
You hit the iguana but do no damage.
The iguana is moderately wounded.
The iguana struggles against the net.
The net rips apart, and the iguana comes free!
You hit the iguana.
The iguana is moderately wounded.
Throw: throwing net
Press: ? - help, Q - select action, (/) - cycle Shift-Dir - straight line, f/p - iguana
Aim: an iguana (moderately wounded, 58% to hit)
You throw a throwing net.
The throwing net closely misses the iguana.
The iguana hisses menacingly.
The iguana bites you!
You die...

..#.... ......##
###.#..#.####
.....##.....#
.....#......###
#.....#..#.# .
#.#..##....###
....####.#..###.....#
.......@.....<....###
.......l....##....#
.........#######.....#
.........# #....#
##........ #..##
#.......... ###
#..........
.......(....


You could see an iguana.

Vanquished Creatures
  A hound zombie (D:2)
  An adder zombie (D:2)
  2 orcs (D:3)
  A bat zombie (D:2)
  An endoplasm (D:1)
  2 giant cockroaches
  2 goblins
  A kobold (D:2)
  A quokka (D:3)
  A ball python (D:1)
  A ball python skeleton (D:2)
  4 bats
  2 rats
20 creatures vanquished.

Notes
Turn   | Place    | Note
-------+----------+-------------------------------------------
     0 | D:1      | Lexodia the Ogre Gladiator began the quest for the Orb.
     0 | D:1      | Reached XP level 1. HP: 22/22 MP: 1/1
    30 | D:1      | Huge Dmg: 4 dmg
   126 | D:1      | Reached XP level 2. HP: 29/29 MP: 2/2
   211 | D:2      | Huge Dmg: 5 dmg
   213 | D:2      | Reached XP level 3. HP: 20/37 MP: 3/3
   367 | D:3      | Huge Dmg: 5 dmg
   388 | D:3      | Huge Dmg: 5 dmg
   389 | D:3      | Huge Dmg: 4 dmg
   586 | D:5      | Entered Level 5 of the Dungeon
   589 | D:4      | Huge Dmg: 13 dmg
   590 | D:4      | Huge Dmg: 7 dmg
   593 | D:4      | Huge Dmg: 10 dmg
   602 | D:4      | Slain by an iguana

Illustrated notes

Levels and vault maps discovered:
D:1:      scummos_arrival_simple_fountains, layout_basic, serial_bayou_lagoon_a
D:2:      minmay_razor_zed, layout_loops_ring, serial_undead, serial_undead_a,
          serial_undead_d, serial_undead_d, serial_undead_a, serial_undead_b,
          serial_undead_d
D:3:      layout_rooms, nicolae_wu_jian_wuxing_cycle,
          dreamdust_mushroom_princess, uniq_jessica
D:4:      minmay_clustersquares, layout_cave_pools, overflow_temple_1_default,
          minmay_temple_entry_poolview, minmay_surrounded,
          uniq_crazy_yiuf_cottage
D:5:      layout_basic, st_stairs_4, uniq_menkaure

Skill      XL: |  1  2 |
---------------+-------+-----
Fighting       | 3 |  3.0
Maces & Flails | 3 |  3.5
Throwing       | |  2.6
Dodging        | |  2.6

Action                     || total
---------------------------++-------
  Melee: Flail             ||    73
         Dagger            ||    19
  Throw: Throwing net      ||     3
 Armour: Robe              ||    39
  Dodge: Dodged            ||    60

Table legend: (Time is in decaauts)
 A = Elapsed time spent in this place.
 B = Non-inter-level travel time spent in this place.
 C = Inter-level travel time spent in this place.
 D = Time resting spent in this place.
 E = Time spent auto-exploring this place.
 F = Levels seen in this place.
 G = Mean time per level.
                   A        B        C        D        E       F      G
               +--------+--------+--------+--------+--------+-----+--------+
         Total |    613 |    593 |     20 |     69 |    304 |   5 |  122.6 |
       Dungeon |    613 |    593 |     20 |     69 |    304 |   5 |  122.6 |
               +--------+--------+--------+--------+--------+-----+--------+

Top non-repeatable levels by time:
     D:3: 239 daAuts
     D:1: 176 daAuts
     D:2: 169 daAuts
     D:4: 25 daAuts
     D:5: 1 daAuts
